 Dungeon Crawl Stone Soup version 0.27-a0-836-gfc908b8576 (webtiles) character file.

Game seed: 3550871031064667462

42 Lanoc the Shield-Bearer (level 3, 0/30 HPs)
             Began as a Djinni Fighter on Apr 2, 2021.
             Killed by Freeze
             ... generated by an endoplasm
              (7 damage)
             ... on level 3 of the Dungeon.
             The game lasted 00:02:41 (1439 turns).

Lanoc the Shield-Bearer (Djinni Fighter)            Turns: 1439, Time: 00:02:41

Health: 0/30       AC:  6    Str: 15    XL:     3   Next: 56%
Gold:   59         EV:  7    Int:  9    God:
                   SH:  9    Dex: 13

rFire    + + .     SeeInvis .   a - +1 long sword
rCold    x . .     Faith    .   c - +0 kite shield
rNeg     . . .     Spirit   .   b - +0 scale mail
rPois    ∞         Reflect  .   (no helmet)
rElec    .         Harm     .   (no cloak)
rCorr    .         Rampage  .   (no gloves)
Will     .....                  (boots unavailable)
Stlth    ..........             (no amulet)
HPRegen  0.10/turn              (no ring)
MPRegen  0.00/turn              (no ring)

@: mighty, flying, hasted, very quick
A: fire resistance 2, cold vulnerability 1, float, innate caster, hp casting,
extra vitality 1
a: no special abilities


You were on level 3 of the Dungeon.
You visited 1 branch of the dungeon, and saw 3 of its levels.

You collected 59 gold pieces.

Inventory:

Hand Weapons
 a - a +1 long sword (weapon)
Armour
 b - a +0 scale mail (worn)
 c - a +0 kite shield (worn)
Wands
 i - a wand of digging (5)
 j - a wand of mindburst (12)
Potions
 e - a potion of mutation
 m - a potion of invisibility


   Skills:
 + Level 3.2 Fighting
 * Level 2.5 Long Blades
 + Level 3.2 Armour
 + Level 1.0 Dodging
 + Level 3.3 Shields


You had one spell level left.
You knew the following spells:

 Your Spells              Type           Power      Damage    Failure   Level
a - Apportation           Tloc           0%         N/A       100%        1
Your spell library was empty.


Dungeon Overview and Level Annotations

Branches:
Dungeon (3/15)

Altars:
Fedhas
Qazlal
Trog

Shops:
D:2 =

Annotations:
D:3 Robin


Innate Abilities, Weirdness & Mutations

You are immune to poison.
Your flesh is very heat resistant. (rF++)
You are vulnerable to cold. (rC-)
You float through the air rather than walking.
You learn spells naturally, not from books.
Your magical power is your life essence.
You have superior vitality. (+4 HP)


Message History

You kill the hobgoblin!
Your Dodging skill increases to level 1!
You completely miss the hobgoblin.
Robin roars a battlecry!
The goblins go into a battle-frenzy!
You slash the hobgoblin!
You kill the hobgoblin!
You barely miss the goblin. The goblin hits you with a +0 club.
You miss the goblin. The hobgoblin closely misses you.
You riposte.
You completely miss the hobgoblin. The goblin closely misses you.
The goblin barely misses you.
You riposte.
You barely miss the goblin. You block the hobgoblin's attack.
The goblin barely misses you. The goblin hits you but does no damage.
The goblin hits you with a +0 dagger.
You hit Robin.
Robin is moderately wounded.
Robin throws the goblin at you! You block the goblin's attack.
You slash the goblin!
You kill the goblin!
The hobgoblin no longer looks unusually strong.
The goblin hits you but does no damage.
Robin points. "Kill!"
Robin throws the goblin at you!
* * * LOW HITPOINT WARNING * * *
You slash the goblin!
You kill the goblin!
The hobgoblin no longer looks unusually strong.
The goblin hits you but does no damage. You block Robin's attack.
Things that are here:
a +0 club; a +0 club Robin says, "My goblins will feast on your bones."
Your shield prevents you from hitting the goblin.
You block the goblin's attack.
You closely miss the goblin. Robin throws the goblin at you!
* * * LOW HITPOINT WARNING * * *
You block the goblin's attack.
You slash the goblin!
You kill the goblin!
The endoplasm freezes you.
You are frozen!
You feel a terrible chill!
You die...

.# #.g.....##.
#.##
.####..#).##
...#
...##.##...#
...#
.....##[#.#
...#
.##....#.###..
...... #.
###........#
...##. #
##g......#
...#
####g.......#
...#
#.@Jg###.....
...# #)####
#.... ...# #.
.##. .. #
#####g.g...#
.gg....g#
g.gg..g#
#g.....#
#.[....#


You could see Robin, an endoplasm and 2 hobgoblins.

Vanquished Creatures
  An adder (D:2)
  3 endoplasms (D:2)
  9 goblins
  7 hobgoblins
  3 kobolds
  3 ball pythons
  2 bats
  2 frilled lizards (D:2)
  A rat (D:2)
31 creatures vanquished.

Vanquished Creatures (others)
  A fungus (D:2)
  A plant (D:2)
2 creatures vanquished.

Grand Total: 33 creatures vanquished

Notes
Turn   | Place    | Note
-------+----------+-------------------------------------------
     0 | D:1      | Lanoc the Djinni Fighter began the quest for the Orb.
     0 | D:1      | Reached XP level 1. HP: 20/20 MP: 0/0
    71 | D:1      | You are sucked into a shaft and drop 1 floor!
    89 | D:2      | Found a blossoming altar of Fedhas.
    98 | D:2      | Found a stormy altar of Qazlal.
   364 | D:2      | Reached XP level 2. HP: 11/25 MP: 0/0
   587 | D:2      | Found a bloodstained altar of Trog.
   895 | D:2      | Found Nisiown's Jewellery Shoppe.
   899 | D:2      | Reached XP level 3. HP: 30/30 MP: 0/0
   899 | D:2      | Learned a level 1 spell: Apportation
  1314 | D:3      | Noticed Robin
  1425 | D:3      | Reached skill level 1 in Dodging
  1439 | D:3      | Killed from afar by an endoplasm

Illustrated notes

Levels and vault maps discovered:
D:1:      psy_arrival_dodecagon, layout_rooms
D:2:      layout_loops_corners, grunt_temple_overflow_forces_of_nature,
          serial_shops, nicolae_shop_statue_plus, trog_three_pillars_becter
D:3:      layout_rooms, nzn_wu_jian_contemplation, portal_sewer_entry_e,
          uniq_robin

Skill      XL: |  1  2  3 |
---------------+----------+-----
Long Blades    | 2 |  2.5
Dodging        | 1 |  1.0
Fighting       | |  3.2
Armour         | |  3.2
Shields        | |  3.3

Action                   || total
-------------------------++-------
Melee: Long sword        ||   102
  Use: Scroll            ||     8
       Potion            ||     4
Armor: Scale mail        ||    41
Dodge: Dodged            ||    49
Block: Kite shield       ||    70
       Rpst.: Long sword ||    14

Table legend: (Time is in decaauts)
 A = Elapsed time spent in this place.
 B = Non-inter-level travel time spent in this place.
 C = Inter-level travel time spent in this place.
 D = Time resting spent in this place.
 E = Time spent auto-exploring this place.
 F = Levels seen in this place.
 G = Mean time per level.
                   A        B        C        D        E       F      G
               +--------+--------+--------+--------+--------+-----+--------+
         Total |   1482 |   1448 |     34 |      0 |   1132 |   3 |  494.0 |
       Dungeon |   1482 |   1448 |     34 |      0 |   1132 |   3 |  494.0 |
               +--------+--------+--------+--------+--------+-----+--------+

Top non-repeatable levels by time:
     D:2: 1276 daAuts
     D:3: 131 daAuts
     D:1: 74 daAuts
